Map: Alcyone LE

Players

A.I. 1 (Very Easy)

  • Race: Zerg Zerg
  • Spawn Location: 7:00

BuRny - Winner!

  • Race: Terran Terran
  • League: Diamond
  • Spawn Location: 1:00

VOD

Have the link to the VOD?

Description

Time

  • Played on: Jan. 28, 2024, noon
  • Length: 10:02
Show
View Real Time Build Order
Export as new Build Order

A.I. 1 (Very Easy) Zerg 

Build Orders: Pool Only 

Get SALT Encoding   

  12  0:01  Drone  
  13  0:12  Overlord  
  13  0:16  Drone  
  14  0:35  Spawning Pool  
  13  0:36  Extractor  
  13  0:40  Drone  
  13  0:47  Drone  
  14  0:53  Overlord  
  14  1:23  Zergling x2, Queen  
  17  1:31  Roach Warren  
  16  1:33  Extractor  
  16  1:38  Drone  
  16  1:40  Zergling x2  
  16  1:45  Drone  
  18  1:57  Zergling x2  
  18  2:00  Drone  
  20  2:10  Drone  
  21  2:21  Drone  
  22  2:30  Drone  
  22  2:32  Overlord  
  23  2:37  Drone  
  24  2:44  Drone  
  25  5:15  Queen  
  25  5:16  Zergling x2  
  25  5:18  Drone  
  22  5:25  Drone  
  17  5:32  Drone  
  13  5:39  Drone  
  13  5:41  Zergling x2  
  9  5:47  Drone  
  7  5:52  Lair  
  7  5:54  Drone  
  6  6:01  Drone  
    6:51  Queen  
    6:52  Overseer x2  
  2  7:29  Queen  
  2  8:07  Drone  
  3  8:17  Zergling x2  
  4  8:28  Drone  
  5  8:37  Drone  
  5  8:38  Drone x2  
  8  8:42  Zergling x2  
  8  9:01  Drone  
  9  9:07  Zergling x2  
  9  9:08  Drone  
  11  9:15  Drone  
  12  9:22  Drone  
  13  9:29  Drone  
  14  9:32  Zergling x2  
  14  9:37  Drone  
  16  9:44  Drone  
  18  9:58  Spire  
Show
View Real Time Build Order
Export as new Build Order

BuRny Terran - Winner!

Build Orders: Liberator Opening, Reaper Expand, Mech 

Get SALT Encoding   

  12  0:00  SCV  
  13  0:12  SCV  
  14  0:17  Supply Depot  
  14  0:24  SCV  
  15  0:39  SCV  
  15  0:40  Barracks  
  16  0:43  Refinery  
  16  0:51  SCV  
  17  1:03  SCV  
  18  1:15  SCV  
  19  1:26  Reaper  
  19  1:27  Orbital Command  
  20  1:40  Command Center  
  20  1:52  SCV  
  21  1:56  Supply Depot  
  21  1:58  Marine  
  22  2:04  SCV  
  23  2:12  Factory  
  23  2:18  SCV  
  23  2:20  Barracks Reactor  
  24  2:30  SCV  
  25  2:42  SCV  
  26  2:52  Orbital Command  
  26  2:54  SCV  
  27  3:00  Supply Depot  
  27  3:01  Starport  
  27  3:06  Hellion x2  
  27  3:07  SCV  
  32  3:17  SCV  
  33  3:23  Command Center  
  33  3:25  SCV  
  34  3:29  SCV  
  34  3:30  Refinery  
  35  3:38  SCV  
  35  3:39  Hellion  
  35  3:40  Hellion  
  40  3:42  SCV  
  41  3:50  Liberator, SCV  
  41  3:54  SCV  
  46  3:59  Supply Depot  
  46  4:02  SCV  
  47  4:05  Hellion x2  
  47  4:06  SCV  
  52  4:11  Armory  
  52  4:14  SCV  
  53  4:17  Refinery  
  53  4:18  SCV  
  53  4:19  Refinery  
  53  4:22  Supply Depot  
  54  4:26  SCV  
  54  4:30  SCV  
  58  4:38  SCV  
  58  4:39  Orbital Command  
  58  4:42  SCV  
  58  4:48  Starport Tech Lab  
  58  4:49  Factory, Barracks Tech Lab  
  58  4:50  SCV  
  58  4:52  Hellion  
  61  4:53  Factory  
  61  4:54  SCV  
  61  4:56  Hellion  
  64  5:00  Orbital Command  
  64  5:02  SCV  
  64  5:06  SCV  
  66  5:12  Terran Vehicle Weapons Level 1  
  66  5:14  SCV  
  66  5:15  Starport Reactor  
  66  5:18  SCV  
  68  5:22  Supply Depot  
  68  5:26  SCV  
  68  5:27  SCV  
  70  5:30  Hellion x2, SCV  
  75  5:35  Supply Depot  
  75  5:37  Supply Depot  
  75  5:38  SCV  
  75  5:39  SCV  
  75  5:42  Thor  
  77  5:43  SCV  
  77  5:44  Thor  
  90  5:50  SCV  
  90  5:51  SCV  
  90  5:55  Supply Depot, SCV  
  90  5:56  Supply Depot  
  93  5:58  Supply Depot  
  93  6:01  Medivac x2  
  93  6:02  SCV  
  93  6:03  SCV  
  99  6:06  Infernal Pre-Igniter  
  99  6:07  SCV  
  99  6:08  Hellion x2  
  104  6:14  SCV  
  104  6:15  SCV  
  106  6:19  Supply Depot, SCV  
  106  6:21  Supply Depot  
  106  6:24  Supply Depot, Refinery x2  
  107  6:26  SCV  
  107  6:27  SCV  
  107  6:31  SCV  
  110  6:36  Command Center  
  110  6:38  SCV  
  110  6:39  SCV  
  112  6:43  SCV  
  113  6:49  Supply Depot, Engineering Bay  
  113  6:50  SCV, Supply Depot x2  
  113  6:51  SCV  
  115  6:54  Factory  
  115  6:55  SCV  
  115  6:58  Starport Tech Lab  
  116  7:01  Barracks Tech Lab, Factory  
  116  7:02  Siege Tank  
  116  7:03  SCV x2  
  116  7:04  Siege Tank  
  116  7:05  Hellion  
  116  7:08  Hellion  
  128  7:11  SCV  
  128  7:14  Terran Vehicle Weapons Level 2  
  128  7:15  SCV x2  
  131  7:23  SCV  
  131  7:26  Raven  
  133  7:31  SCV x2  
  133  7:35  SCV  
  136  7:40  Siege Tank x2  
  136  7:41  Hellion x4  
  136  7:43  SCV  
  151  7:49  Refinery  
  151  7:50  Refinery  
  151  7:52  Supply Depot  
  151  7:57  Command Center  
  151  8:05  Starport  
  151  8:06  Fusion Core, Starport  
  151  8:10  Hellion x3  
  151  8:11  Hellion  
  156  8:13  Siege Tank  
  156  8:16  Siege Tank  
  162  8:25  Siege Tank  
  165  8:28  Planetary Fortress  
  165  8:31  SCV x2  
  167  8:35  Hellion  
  167  8:37  Hellion  
  167  8:40  SCV  
  172  8:42  Starport Tech Lab  
  172  8:43  Starport Tech Lab, SCV x2  
  172  8:45  Siege Tank  
  177  8:51  Siege Tank  
  177  8:52  Hellion x2  
  190  9:09  Hellion x2  
  194  9:10  Siege Tank  
  197  9:18  Siege Tank  
  200  9:26  Command Center  
  200  9:29  Command Center x2  
  200  9:30  Command Center  
  200  9:40  Factory x2  
  200  9:41  Factory  
  200  9:48  Missile Turret  
Tags
 
Add a new tag
Caveats
  • Supply blocks, unpowered buildings, or Contaminate may cause inaccurate times.
  • Supply counts are checked every 10 seconds.